 Dungeon Crawl Stone Soup version 0.20.1-1-g8b1a95d (console) character file.

179 CALLOUS the Ducker (level 5, 0/31 HPs)
             Began as a Halfling Fire Elementalist on Aug 5, 2017.
             Succumbed to Giltor's ghost's poison
             ... on level 3 of the Dungeon.
             The game lasted 01:23:48 (6288 turns).

CALLOUS the Ducker (Halfling Fire Elementalist)     Turns: 6288, Time: 01:23:48

Health: 0/31       AC:  4    Str: 10    XL:     5   Next: 90%
Magic:  7/7        EV: 17    Int: 13    God:
Gold:   135        SH:  0    Dex: 15    Spells: 3/7 levels left

rFire    . . .     SeeInvis .   (weapon restricted)
rCold    . . .     Gourm    .   (shield restricted)
rNeg     . . .     Faith    .   a - +0 robe
rPois    .         Spirit   .   (no helmet)
rElec    .         Reflect  .   m - +0 cloak
rCorr    .         Harm     .   w - +0 pair of gloves
MR       .....                  (no boots)
Stlth    ++........             (no amulet)
Regen    0.1/turn               (no ring)
MPRegen  0.1/turn               (no ring)

@: lethally poisoned (0 -> -20), sleeping
A: mutation resistance 1
a: no special abilities


You were on level 3 of the Dungeon.
You were not hungry.

You visited 1 branch of the dungeon, and saw 4 of its levels.

You collected 135 gold pieces.

Inventory:

Hand Weapons
 l - a +0 dagger
 o - a +0 spear
 s - a cursed +0 hunting sling
Missiles
 h - 67 stones (quivered)
Armour
 a - a +0 robe (worn)
 m - a +0 cloak (worn)
 w - a +0 pair of gloves (worn)
 x - a cursed +0 chain mail
Scrolls
 g - 2 scrolls of enchant weapon {unknown}
 i - a scroll of immolation {unknown}
 p - a scroll of teleportation {unknown}
 q - 2 scrolls of fear {unknown}
 t - 2 scrolls of identify {unknown}
 u - 2 scrolls of remove curse {unknown}
Books
 b - a book of Flames

   Spells                             Type                      Level
   a - Flame Tongue                   Conjuration/Fire             1
   b - Throw Flame                    Conjuration/Fire             2
   c - Conjure Flame                  Conjuration/Fire             3
   d - Inner Flame                    Hexes/Fire                   3
   e - Sticky Flame                   Conjuration/Fire             4
   f - Fireball                       Conjuration/Fire             5
Comestibles
 c - 3 bread rations
 d - 9 fruits
 f - 2 royal jellies
 k - 3 meat rations


   Skills:
 * Level 2.0 Short Blades
 * Level 1.3 Slings
 * Level 1.8 Armour
 * Level 4.6 Dodging
 + Level 3.3 Stealth
 - Level 1.5 Spellcasting
 - Level 0.7 Conjurations
 - Level 3.0 Fire Magic


You had 3 spell levels left.
You knew the following spells:

 Your Spells              Type           Power        Failure   Level  Hunger
a - Flame Tongue          Conj/Fire      #....        12%         1    ##.....
b - Conjure Flame         Conj/Fire      #.......     36%         3    ####...


Dungeon Overview and Level Annotations

Branches:
Dungeon (4/15)
 Temple: D:4-7

Altars:

Annotations:
D:2 2 exclusions
D:3 ggEDcoronaensorcelledhibernationweaponofvenomopDdaggerringmail, exclusion: orc priest, Giltor's ghost, novice SpEn
D:4 exclusion: howler monkey, Sigmund


Innate Abilities, Weirdness & Mutations

You are small and have problems with some larger weapons.
You are somewhat resistant to further mutation.


Message History

You feel sick.
You feel sick.
You feel sick. Giltor's ghost barely misses you.
You feel sick.
You feel sick. Giltor's ghost hits you.
You are more poisoned.
* * * LOW HITPOINT WARNING * * *
You feel sick.
* * * LOW HITPOINT WARNING * * *
You feel sick.
Giltor's ghost points at you and mumbles some strange words.
You fall asleep.
* * * LOW HITPOINT WARNING * * *
You feel sick.
You are no longer glowing.
* * * LOW HITPOINT WARNING * * *
You feel sick. Giltor's ghost casts a spell at you.
You resist with significant effort.
You die...

###### #### ######....# ...#
#########....#.##.# ...#
#............#.#..###
...#####.#######.#....#.##.###
...'..........>#.#.####.##...#
...#####.#.###.#.#.#....##.#.#
#### #.#.# #...#.#.###...#.#
#.#.# #..##.# #.###.# #
..##.#.###..W..# #.# #.# ##
...##.#.#...#@##### ..# #.#
.##...##.#.#.#.#...<.##### #.#
......##.#.#......##########.#
......##.#'###'##....#.......#
.....# #.......)...#.#.#######
.....###...............#
......###....).......###
......###........#####
.......##........#
.......##........#
.>......#........#


You could see Giltor's ghost.

Vanquished Creatures
  A hound (D:3)
  An orc priest (D:3)
  4 adders (D:2)
  A worm (D:1)
  A dart slug (D:1)
  3 leopard geckos
  4 orcs (D:3)
  8 bats
  2 giant cockroaches (D:2)
  9 hobgoblins
  7 jackals
  7 kobolds
  2 quokkas (D:2)
  2 ball pythons (D:1)
  7 frilled lizards
  6 goblins
  8 rats
73 creatures vanquished.

Notes
Turn   | Place    | Note
-------+----------+-------------------------------------------
     0 | D:1      | CALLOUS the Halfling Fire Elementalist began the quest for the Orb.
     0 | D:1      | Reached XP level 1. HP: 11/11 MP: 3/3
   567 | D:1      | Reached XP level 2. HP: 17/17 MP: 2/4
  1214 | D:1      | Reached skill level 1 in Armour
  1632 | D:1      | Reached XP level 3. HP: 21/21 MP: 1/5
  1637 | D:1      | Learned a level 3 spell: Conjure Flame
  1721 | D:1      | Reached skill level 3 in Dodging
  2952 | D:3      | Noticed Giltor's ghost (novice SpEn)
  3306 | D:2      | Reached skill level 1 in Short Blades
  3457 | D:4      | Noticed Sigmund
  3621 | D:3      | Reached XP level 4. HP: 27/27 MP: 4/6
  4458 | D:3      | Reached skill level 1 in Slings
  4458 | D:3      | Reached skill level 4 in Dodging
  4458 | D:3      | Reached XP level 5. HP: 12/31 MP: 1/7
  6288 | D:3      | Succumbed to Giltor's ghost's poison

Skill      XL: |  1  2  3  4  5 |
---------------+----------------+-----
Armour         | 1 |  1.8
Dodging        | 3 4 |  4.6
Short Blades   | 1 2 |  2.0
Stealth        | 3 |  3.3
Slings         | 1 |  1.3
Spellcasting   | |  1.5
Conjurations   | |  0.7
Fire Magic     | |  3.0

Action                   |  1- 3 |  4- 6 || total
-------------------------+-------+-------++-------
Melee: Unarmed           |    85 |    67 ||   152
Throw: Stone             |    92 |    96 ||   188
 Cast: Flame Tongue      |    88 |    61 ||   149
  Use: Potion            |     3 |     2 ||     5
 Stab: Sleeping          |     3 |       ||     3
  Eat: Chunk             |    10 |    12 ||    22
Armor: Robe              |    25 |    17 ||    42
Dodge: Dodged            |   127 |    81 ||   208
